 Dungeon Crawl Stone Soup version 0.16-a0-1009-g0339a9e (webtiles) character file.

443 Qrupt the Caller (level 6, -8/41 HPs)
             Began as a Mummy Summoner on Oct 3, 2014.
             Mangled by Menkaure (23 damage)
             ... on Level 4 of the Dungeon.
             The game lasted 00:22:24 (6818 turns).

Qrupt the Caller (Mummy Summoner)                   Turns: 6818, Time: 00:22:25

HP  -8/41        AC  3     Str 11      XL: 6   Next: 71%
MP   2/13        EV 12     Int 16      God:
Gold 150         SH  0     Dex 12      Spells:  4 memorised,  2 levels left

rFire  x . .     SeeInvis .     l - +1 flail (crush)
rCold  + . .     Clarity  .     d - +0 robe
rNeg   + + +     rCorr    .     (no shield)
rPois  +         rRot     +     f - +0 helmet
rElec  .         Spirit   .     (no cloak)
SustAb .         Warding  .     (no gloves)
rMut   .         Stasis   .     (no boots)
Gourm  .                        (no amulet)
MR     .....                    (no ring)
                                (no ring)

@: very slightly contaminated, not resistant to hostile enchantments, unstealthy
A: no food or potions, fire vulnerability, restore body, cold resistance 1,
negative energy resistance 3, poison resistance, torment resistance, unbreathing
a: no special abilities


You were on level 4 of the Dungeon.
You were not hungry.

You visited 1 branch of the dungeon, and saw 4 of its levels.

You collected 150 gold pieces.

Inventory:

Hand weapons
 c - a +0 club
 i - a +0 whip
 l - a +1 flail of crushing (weapon)
 n - a +0 falchion
 p - a +1 whip of draining
Armour
 d - a +0 robe (worn)
 f - a +0 helmet (worn)
Scrolls
 a - a scroll of blinking {unknown}
 e - 2 scrolls of teleportation
 g - 3 scrolls of identify
 h - a scroll of magic mapping
 j - a scroll of remove curse
 k - a scroll of recharging
 m - a scroll of enchant armour {unknown}
 o - a scroll of fear {unknown}
Books
 b - a book of Callings

   Spells                             Type                      Level
   *Summon Small Mammal               Summoning                    1
   *Call Imp                          Summoning                    2
   *Call Canine Familiar              Summoning                    3
   Summon Guardian Golem              Hexes/Summoning              4
   *Summon Lightning Spire            Summoning/Air                4
   Summon Ice Beast                   Ice/Summoning                4


   Skills:
 - Level 1.5 Dodging
 - Level 1.5 Stealth
 - Level 3.5 Spellcasting
 - Level 4.3 Summonings
 + Level 4.1 Air Magic


You had 2 spell levels left.
You knew the following spells:

 Your Spells              Type           Power        Failure   Level  Hunger
a - Summon Small Mammal   Summ           ###.         3%          1    N/A
b - Call Imp              Summ           ###.....     6%          2    N/A
c - Call Canine Familiar  Summ           ###.....     12%         3    N/A
d - Summon Lightning Spi  Summ/Air       ###.....     34%         4    N/A

Dungeon Overview and Level Annotations

Branches:
Dungeon (4/15)
 Temple: D:4-7

Altars:
The Shining One

Annotations:
D:4 Menkaure


Innate Abilities, Weirdness & Mutations

You do not eat or drink.
Your flesh is vulnerable to fire.
Your flesh is cold resistant.
You are immune to negative energy.
Your system is resistant to poisons.
You are immune to unholy pain and torment.
You can survive without breathing.


Message History

Confirm with . or Enter, or press ? or * to list all spells.
You hit Menkaure.
Menkaure is heavily damaged.
Menkaure calls on the powers of darkness!
Your hound convulses!
You feel a surge of unholy energy. Menkaure hits you!
You barely miss Menkaure.
Menkaure is heavily damaged.
Your hound closely misses Menkaure.
Menkaure barely misses you.
Your hound bites Menkaure.
You hit Menkaure but do no damage.
Menkaure is severely damaged.
Menkaure hits you!
Your hound bites Menkaure.
Menkaure closely misses you.
Your hound bites Menkaure.
You completely miss Menkaure.
Menkaure is almost destroyed.
Your hound bites Menkaure but does no damage.
Menkaure hits you!!
Ouch! That really hurt!
You die...

#.....#'## #####.#.#.
#.....#.# #...#. #.....#.#
#..... #.####### #...#.
#.# ..#. #..... ### ...
###...#. #.. #.#.%.#.
##.###### #####.#...#.
#...#...#@..###...........
#.⌠...⌠.Mh⌠)....###.###...
#...#...#...##..###.#.....
##.#######......#.##.. #..
#..#.###.##.> #.
#..#.###.#<.. #[
##(.......#### #
#..##.##### # #.#######.#
#


You could see Menkaure and a friendly hound.

Vanquished Creatures
  Edmund (D:4)
  A hound (D:3)
  An iguana (D:4)
  A worker ant (D:4)
  3 adders
  2 giant geckos
  2 oozes
  An orc (D:3)
  Natasha (D:3)
  7 hobgoblins
  9 kobolds
  13 bats
  2 giant newts (D:1)
  8 goblins
  3 quokkas
  11 rats
66 creatures vanquished.

Vanquished Creatures (collateral kills)
  An ogre (D:4)
  An orc priest (D:3)
  An orc wizard (D:3)
  Natasha (twice) (D:3)
  Jessica (D:2)
  Terence (D:3)
  8 adders
  6 gnolls (D:2)
  A giant mite (D:4)
  2 worms
  An iguana skeleton (D:3)
  2 oozes
  An orc (D:3)
  A bat (D:1)
  5 goblins
  3 hobgoblins
  4 kobolds
  3 giant cockroaches
  A giant newt (D:2)
  7 jackals
  2 rats
54 creatures vanquished.

Vanquished Creatures (others)
  12 hounds
  6 crimson imps
  4 white imps
  A quokka (D:1)
  2 bats (D:1)
  3 rats (D:1)
28 creatures vanquished.

Grand Total: 148 creatures vanquished

Notes
Turn   | Place    | Note
--------------------------------------------------------------
     0 | D:1      | Qrupt, the Mummy Summoner, began the quest for the Orb.
     0 | D:1      | Reached XP level 1. HP: 13/13 MP: 3/3
   346 | D:1      | Reached XP level 2. HP: 13/19 MP: 3/5
   625 | D:1      | Learned a level 2 spell: Call Imp
  1529 | D:1      | Reached XP level 3. HP: 21/24 MP: 6/6
  1534 | D:1      | Learned a level 3 spell: Call Canine Familiar
  2319 | D:2      | Reached skill level 4 in Summonings
  2547 | D:2      | Reached XP level 4. HP: 27/30 MP: 3/9
  3213 | D:2      | Noticed Jessica
  3231 | D:2      | Killed Jessica
  3440 | D:2      | Learned a level 4 spell: Summon Lightning Spire
  3726 | D:3      | Reached XP level 5. HP: 35/35 MP: 2/11
  3743 | D:3      | Reached skill level 1 in Air Magic
  4182 | D:3      | Noticed Terence
  4197 | D:3      | Killed Terence
  4512 | D:3      | Noticed Natasha
  4600 | D:3      | Killed Natasha
  5295 | D:3      | Noticed Natasha
  5303 | D:3      | Killed Natasha
  5458 | D:3      | Noticed Natasha
  5466 | D:3      | Killed Natasha
  5857 | D:4      | Noticed Edmund
  5906 | D:3      | Reached XP level 6. HP: 11/41 MP: 1/13
  6394 | D:4      | Found a glowing golden altar of the Shining One.
  6518 | D:4      | Noticed an ogre
  6523 | D:4      | Killed an ogre
  6588 | D:4      | Killed Edmund
  6796 | D:4      | Noticed Menkaure
  6818 | D:4      | Mangled by Menkaure

Action                   |  1- 3 |  4- 6 || total
-------------------------+-------+-------++-------
Melee: Club              |   151 |       ||   151
       Unarmed           |     8 |       ||     8
       Whip              |    36 |   111 ||   147
       Falchion          |       |    24 ||    24
       Flail             |       |    11 ||    11
 Cast: Summon Small Mamm |    19 |     3 ||    22
       Call Imp          |     3 |    21 ||    24
       Call Canine Famil |     3 |    32 ||    35
  Use: Scroll            |     2 |     4 ||     6
 Stab: Distracted        |     1 |       ||     1
